Map: Blackpink LE

Players

IagoAbreu

  • Race: Terran Terran
  • League: Silver
  • Spawn Location: 1:00

NOCTURNO - Winner!

  • Race: Protoss Protoss
  • League: Silver
  • Spawn Location: 7:00

VOD

Have the link to the VOD?

Description

Time

  • Played on: March 2, 2018, 3:04 p.m.
  • Length: 29:28
Show
View Real Time Build Order
Export as new Build Order

IagoAbreu Terran 

Build Orders:  

Get SALT Encoding   

  12  0:02  SCV  
  13  0:14  Supply Depot  
  13  0:18  SCV  
  14  0:27  Supply Depot  
  14  0:31  SCV  
  15  0:47  Barracks  
  15  0:51  SCV  
  15  0:56  Refinery  
  16  1:03  SCV  
  17  1:13  Barracks  
  17  1:18  SCV  
  18  1:28  Refinery  
  18  1:31  SCV  
  19  1:43  Engineering Bay  
  19  1:53  SCV, Barracks Reactor  
  20  2:09  Factory  
  20  2:23  Barracks Reactor  
  20  2:27  Bunker  
  20  2:32  Marine x2  
  22  2:40  Orbital Command  
  22  2:48  Terran Infantry Weapons Level 1  
  22  3:02  Starport  
  22  3:05  Factory Tech Lab  
  22  3:25  Supply Depot  
  22  3:27  Marine x3  
  22  3:28  Marine  
  26  3:38  Siege Tank  
  29  3:45  SCV  
  30  3:57  SCV  
  30  3:58  Marine x4  
  35  4:06  Starport Reactor  
  35  4:18  Bunker  
  35  4:38  Marine  
  36  4:39  Marine  
  37  4:46  Terran Infantry Armor Level 1  
  37  4:49  Combat Shields  
  37  5:03  Liberator x2  
  37  5:06  Supply Depot  
  37  5:07  Supply Depot  
  43  5:26  Widow Mine x2  
  47  5:33  Marine x2  
  49  5:36  Marauder  
  51  5:48  Supply Depot  
  51  5:56  Armory  
  51  5:57  Marauder  
  51  6:01  Marine x2  
  55  6:17  Liberator x2  
  61  7:00  Refinery x2  
  61  7:15  Command Center  
  61  7:34  Siege Tank  
  64  7:47  Terran Infantry Weapons Level 2  
  64  7:49  Marine x4  
  57  8:49  SCV  
  58  9:01  SCV  
  56  9:13  SCV  
  57  9:18  Barracks Tech Lab  
  57  9:20  Terran Vehicle Weapons Level 1  
  57  9:21  Barracks Tech Lab  
  57  9:25  SCV  
  58  9:37  SCV  
  59  9:45  Medivac  
  59  9:46  Medivac  
  59  9:49  Siege Tank  
  59  9:50  SCV  
  67  9:53  Marauder x2  
  71  10:02  SCV, Concussive Shells  
  72  10:10  Terran Infantry Weapons Level 3  
  72  10:14  SCV  
  73  10:15  Marauder x2  
  77  10:21  Siege Tank  
  77  10:25  Engineering Bay  
  80  10:36  Marauder x2  
  80  10:37  Armory  
  84  10:46  Supply Depot  
  84  10:50  Liberator x2  
  84  10:56  Stimpack  
  90  11:20  Supply Depot  
  90  11:22  Terran Vehicle Weapons Level 2  
  90  11:37  Terran Vehicle And Ship Armor Level 1  
  90  11:50  Sensor Tower, Medivac x2  
  94  11:56  Sensor Tower  
  94  12:01  Siege Tank  
  97  12:03  Marauder  
  97  12:05  Marauder  
  101  12:16  Missile Turret  
  101  12:19  Missile Turret  
  101  12:31  Supply Depot  
  101  12:35  Marauder x2  
  105  12:58  Sensor Tower  
  105  13:25  Missile Turret  
  105  13:30  Missile Turret  
  105  13:34  Marauder x2  
  109  13:36  Viking  
  109  13:37  Viking  
  113  13:44  Terran Infantry Armor Level 2  
  113  13:47  Terran Vehicle And Ship Armor Level 2  
  113  13:53  Terran Ship Weapons Level 1  
  113  13:55  Marauder x2  
  117  14:28  Command Center  
  117  14:31  Orbital Command  
  117  14:59  SCV  
  118  15:24  Supply Depot x2  
  118  15:35  SCV x2  
  118  15:37  Sensor Tower  
  118  15:39  Viking x2  
  122  15:47  SCV, Supply Depot  
  122  15:48  Supply Depot  
  123  16:04  Siege Tank  
  123  16:07  Marauder x2  
  123  16:09  Viking x2  
  134  16:28  Marauder x2  
  138  16:36  Siege Tank  
  141  16:40  Orbital Command  
  141  17:03  Refinery  
  141  17:05  Refinery  
  141  17:17  Marauder x2  
  141  17:20  Viking  
  141  17:21  Viking  
  149  17:28  Starport  
  149  17:38  Marauder  
  149  17:39  Marauder  
  153  17:50  Viking  
  153  17:51  Viking  
  51  18:52  Starport Reactor  
  51  18:55  Viking x2  
  50  19:11  Marine x2  
  50  19:14  Marauder  
  54  19:18  Siege Tank  
  57  19:29  Marine x2  
  59  19:35  Marauder  
  61  19:47  Marine x2  
  61  19:49  Missile Turret  
  61  19:50  Siege Tank, Missile Turret  
  66  19:56  Marauder  
  67  20:05  Marine x2  
  67  20:06  Viking  
  170  20:07  Viking x3  
  71  20:12  Terran Ship Weapons Level 2  
  77  20:14  Terran Vehicle And Ship Armor Level 3  
  77  20:18  Marauder  
  78  20:22  Marine x2  
  79  20:36  Viking  
  79  20:37  Viking x3  
  79  20:39  Marauder, Starport  
  79  20:40  Marine x2  
  91  20:52  Thor  
  97  20:58  Marine x2  
  97  21:01  Marauder  
  101  21:06  Viking  
  101  21:07  Viking  
  105  21:16  Marine x2  
  107  21:21  Viking  
  107  21:22  Marauder  
  111  21:33  Terran Infantry Armor Level 3  
  111  21:34  Marine x2  
  113  21:43  Marauder  
  115  21:51  Starport Tech Lab  
  115  21:54  Viking x2  
  115  21:55  Viking x2  
  115  21:58  Marine x2  
  125  22:02  Thor  
  125  22:05  Marauder  
  133  22:15  Marine  
  133  22:16  Marine  
  135  22:33  Marine x2  
  137  22:42  Raven, Barracks  
  137  22:43  Barracks  
  139  22:49  Viking x3  
  145  22:51  Marine x2  
  145  22:56  Viking  
  149  23:09  Marine x2  
  149  23:12  Supply Depot  
  151  23:13  Supply Depot  
  151  23:14  Supply Depot  
  151  23:15  Supply Depot  
  151  23:16  Supply Depot  
  151  23:20  Supply Depot  
  151  23:27  Marine x2  
  153  23:43  Raven  
  153  23:44  Marine  
  153  23:45  Marine  
  157  24:02  Marine x2  
  157  24:03  Barracks Reactor x2  
  159  24:20  Marine x2  
  161  24:38  Marine x2  
  163  24:49  Sensor Tower  
  163  24:59  Marine x4  
  167  25:16  Marine  
  167  25:17  Marine x3  
  169  25:34  Marine x3  
  169  25:35  Marine  
  100  25:52  Marine x3  
  100  25:53  Viking x2  
  85  25:59  Viking x2  
  58  26:12  Marine x5  
  58  26:13  Marine x2  
  65  26:23  Viking x2  
  69  26:29  Marine  
  69  26:30  Marine x6  
  76  26:33  Missile Turret x4  
  76  26:34  Missile Turret  
  76  26:47  Marine x2  
  76  26:48  Marine x5, Command Center  
  83  26:56  Refinery  
  83  26:57  Refinery  
  83  27:04  Viking x3  
  83  27:05  Marine x2  
  83  27:06  Marine x3  
  94  27:09  Viking  
  53  27:45  Marine x2  
  53  27:46  Marine x5  
  59  28:03  Marine x3  
  59  28:04  Marine x3  
  65  28:24  Orbital Command  
  65  28:40  Viking x3  
  65  28:41  Viking  
Show
View Real Time Build Order
Export as new Build Order

NOCTURNO Protoss - Winner!

Build Orders:  

Get SALT Encoding   

  12  0:03  Probe (Chrono Boost)  
  13  0:15  Probe (Chrono Boost)  
  14  0:27  Pylon  
  14  0:30  Probe  
  15  0:45  Probe  
  15  0:46  Forge  
  16  0:57  Probe  
  17  1:09  Probe  
  18  1:21  Probe  
  18  1:23  Photon Cannon  
  19  1:30  Pylon  
  19  1:37  Pylon  
  19  1:43  Assimilator, Probe (Chrono Boost)  
  21  1:54  Photon Cannon, Probe (Chrono Boost)  
  21  1:59  Probe (Chrono Boost)  
  22  2:06  Photon Cannon  
  22  2:09  Probe  
  23  2:19  Photon Cannon  
  23  2:21  Probe  
  24  2:30  Photon Cannon  
  24  2:45  Pylon  
  24  2:51  Nexus  
  24  3:07  Gateway  
  24  3:12  Gateway  
  24  3:17  Gateway  
  24  3:38  Nexus  
  24  3:51  Pylon  
  24  4:03  Probe (Chrono Boost)  
  25  4:14  Probe (Chrono Boost)  
  25  4:15  Zealot (Chrono Boost)  
  25  4:16  Zealot (Chrono Boost)  
  32  4:18  Zealot (Chrono Boost)  
  32  4:19  Probe (Chrono Boost)  
  33  4:29  Probe, Cybernetics Core  
  34  4:35  Gateway  
  34  4:42  Probe  
  35  4:52  Gateway  
  35  4:53  Zealot (Chrono Boost)  
  35  4:59  Photon Cannon  
  37  5:03  Probe (Chrono Boost)  
  38  5:13  Probe (Chrono Boost)  
  40  5:15  Probe (Chrono Boost)  
  40  5:20  Probe (Chrono Boost)  
  41  5:24  Probe (Chrono Boost)  
  42  5:30  Warp Gate (Chrono Boost)  
  42  5:32  Probe (Chrono Boost)  
  42  5:33  Stalker x3, Probe (Chrono Boost)  
  42  5:34  Stalker  
  52  5:38  Probe  
  52  5:41  Probe  
  54  5:43  Assimilator  
  54  5:44  Stalker  
  56  5:50  Probe  
  57  6:01  Assimilator  
  57  6:05  Assimilator  
  57  6:06  Probe  
  58  6:18  Probe  
  59  6:28  Stargate  
  59  7:06  Sentry  
  61  7:09  Stalker x2  
  61  7:11  Void Ray (Chrono Boost)  
  69  7:28  Probe (Chrono Boost)  
  71  7:38  Probe (Chrono Boost)  
  71  7:40  Pylon  
  71  7:43  Probe (Chrono Boost)  
  72  7:54  Probe  
  72  7:58  Stalker x3  
  75  8:00  Stalker  
  75  8:01  Stalker  
  80  8:06  Probe  
  54  8:42  Void Ray (Chrono Boost)  
  54  8:46  Probe  
  55  8:58  Probe  
  54  9:06  Pylon  
  54  9:10  Probe (Chrono Boost)  
  55  9:20  Void Ray (Chrono Boost)  
  55  9:22  Probe (Chrono Boost)  
  60  9:24  Pylon  
  60  9:27  Probe (Chrono Boost)  
  61  9:31  Stargate  
  61  9:35  Pylon  
  61  9:36  Probe  
  62  9:41  Fleet Beacon  
  62  9:48  Probe (Chrono Boost)  
  62  9:49  Zealot  
  62  9:50  Zealot x3, Twilight Council  
  71  10:01  Probe (Chrono Boost)  
  71  10:06  Protoss Ground Weapons Level 1  
  72  10:08  Probe (Chrono Boost)  
  72  10:14  Photon Cannon  
  73  10:15  Probe  
  74  10:24  Void Ray  
  74  10:27  Probe  
  79  10:31  Photon Cannon  
  79  10:35  Protoss Air Weapons Level 1  
  79  10:50  Assimilator, Probe (Chrono Boost)  
  80  10:58  Assimilator  
  80  11:00  Probe (Chrono Boost)  
  81  11:05  Probe (Chrono Boost)  
  82  11:17  Probe  
  83  11:24  Stalker  
  85  11:30  Probe (Chrono Boost)  
  85  11:31  Photon Cannon  
  86  11:33  Probe (Chrono Boost)  
  87  11:45  Probe (Chrono Boost)  
  88  11:49  Probe x2 (Chrono Boost)  
  90  12:00  Probe x2  
  92  12:06  Carrier  
  98  12:12  Probe (Chrono Boost)  
  98  12:14  Probe (Chrono Boost)  
  100  12:24  Probe (Chrono Boost)  
  100  12:29  Probe (Chrono Boost)  
  102  12:30  Probe (Chrono Boost)  
  102  12:36  Probe  
  104  12:38  Probe  
  104  12:41  Photon Cannon  
  105  12:45  Photon Cannon  
  105  12:49  Probe  
  105  12:50  Probe  
  105  12:51  Pylon  
  107  13:01  Probe  
  104  13:13  Probe  
  105  13:20  Tempest  
  111  13:31  Tempest  
  117  13:36  Gateway, Protoss Air Weapons Level 2  
  117  13:49  Stargate  
  117  13:50  Stargate  
  117  13:55  Stargate  
  117  14:00  Stargate  
  117  14:23  Gateway  
  117  14:29  Photon Cannon  
  117  14:33  Photon Cannon  
  117  15:51  Carrier  
  123  16:09  Nexus  
  123  16:15  Pylon  
  123  16:22  Stalker  
  125  16:32  Tempest  
  125  16:34  Pylon  
  131  16:42  Pylon  
  131  16:46  Pylon  
  131  16:51  Tempest  
  131  16:52  Tempest  
  137  16:59  Tempest  
  149  17:04  Mothership (Chrono Boost)  
  157  17:20  Carrier, Tempest  
  169  17:23  Pylon  
  169  17:41  Tempest  
  175  17:44  Photon Cannon  
  175  17:47  Photon Cannon  
  175  17:48  Zealot x2  
  179  17:59  Pylon, Charge  
  127  19:22  Tempest x6  
  163  19:46  Photon Cannon  
  163  19:49  Photon Cannon  
  163  20:37  Stalker x3  
  163  20:38  Stalker x3  
  163  20:39  Stalker  
  177  20:57  Pylon  
  177  21:36  Nexus  
  177  21:39  Photon Cannon  
  177  21:42  Photon Cannon  
  177  21:44  Pylon  
  177  21:45  Photon Cannon  
  177  21:48  Photon Cannon  
  177  21:54  Shield Battery  
  177  22:11  Robotics Facility  
  177  22:14  Robotics Facility  
  177  22:22  Robotics Facility  
  177  22:27  Photon Cannon  
  177  22:31  Photon Cannon  
  177  22:45  Assimilator  
  177  22:47  Assimilator  
  177  22:55  Assimilator  
  177  23:10  Gateway  
  177  23:11  Void Ray x4  
  177  23:12  Void Ray  
  197  23:35  Observer  
  198  24:16  Anion Pulse-Crystals  
  198  24:18  Protoss Air Weapons Level 3  
  198  25:03  Pylon  
  198  25:20  Graviton Catapult  
  154  25:53  Stalker x3  
  154  25:54  Stalker  
  145  25:58  Void Ray  
  149  26:40  Void Ray  
  149  26:46  Nexus  
  153  26:47  Assimilator  
  153  26:48  Assimilator  
  153  26:49  Protoss Shields Level 1  
  153  26:51  Pylon  
  153  26:55  Protoss Air Armor Level 1  
  153  26:57  Pylon  
  152  27:23  Void Ray  
  152  27:24  Tempest x3  
  152  27:25  Tempest x2  
  168  27:39  Pylon  
  160  27:48  Pylon  
  156  27:52  Pylon  
  156  28:00  Immortal x2  
  156  28:01  Immortal  
  168  28:06  Void Ray  
  168  28:07  Stalker x2, Tempest  
  168  28:11  Zealot x4  
  168  28:12  Zealot x2  
  194  28:19  Photon Cannon  
  194  28:22  Photon Cannon  
  194  28:25  Photon Cannon  
  194  28:29  Shield Battery  
  194  28:32  Photon Cannon  
  194  28:36  Pylon  
  194  28:40  Immortal  
  198  28:42  Photon Cannon  
  198  28:50  Photon Cannon  
Tags
 
Add a new tag
Caveats
  • Supply blocks, unpowered buildings, or Contaminate may cause inaccurate times.
  • Supply counts are checked every 10 seconds.